 Dungeon Crawl Stone Soup version 0.28.0 (webtiles) character file.

Game seed: 4750229998637407717

33597 unlimited1921 the Eclecticist (level 14, -5/103 HPs)
             Began as a Djinni Fire Elementalist on Feb 15, 2022.
             Was an Initiate of Gozag.
             Killed from afar by Nikola (56 damage)
             ... with a bolt of lightning
             ... on level 1 of the Shoals.
             The game lasted 03:09:49 (37704 turns).

unlimited1921 the Eclecticist (DjFE)               Turns: 37704, Time: 03:09:50

Health: -5/103     AC: 20    Str:  7    XL:     14   Next: 8%
Gold:   3338       EV: 11    Int: 22    God:    Gozag SH:  5 Dex: 14

rFire   + + .      SeeInvis .   G - +2 flail (protect)
rCold   + . .      Faith    .   (no shield)
rNeg    . . .      Spirit   .   p - +2 ice dragon scales
rPois   ∞          Reflect  +   (no helmet)
rElec   .          Harm     .   (no cloak)
rCorr   .          Rampage  .   B - +4 pair of gloves "Tenec" {rF+}
Will    +....                   (boots unavailable)
Stlth   +.........              j - amulet of reflection
HPRegen 0.27/turn               z - +4 ring of evasion
MPRegen 0.00/turn               O - +4 ring of protection

@: about to teleport, gold aura, flying
A: sickness immunity, fire resistance 2, cold vulnerability 1, float, innate
caster, HP casting, extra vitality 1
a: Renounce Religion, Potion Petition, Call Merchant, Bribe Branch


You were on level 1 of the Shoals.
You worshipped Gozag.
Gozag was most pleased with you.
You visited 4 branches of the dungeon, and saw 17 of its levels.

You collected 3368 gold pieces.
You paid 30 gold pieces to Gozag.

Inventory:

Hand Weapons
 t - a +3 hand axe
 w - a +0 broad axe
 x - a +3 vampiric short sword
 y - a +2 hand axe of electrocution
 D - a +1 dire flail of holy wrath
 G - a +2 flail of protection (weapon)
 R - a +4 scimitar of freezing
 V - a +0 vampiric war axe
Missiles
 l - 14 poisoned darts
 v - 4 boomerangs (quivered)
 N - 9 javelins
 Q - 2 throwing nets
 U - 6 atropa-tipped darts
Armour
 e - a +2 robe of positive energy
 p - +2 ice dragon scales (worn)
 B - the +4 pair of gloves "Tenec" (worn) {rF+}
   (You found it on level 6 of the Dungeon)

   rF:        It protects you from fire.
 S - +1 steam dragon scales
Jewellery
 j - an amulet of reflection (around neck)
 u - a ring of protection from fire
 z - a +4 ring of evasion (left hand)
 O - a +4 ring of protection (right hand)
 W - the ring "Ohoafaw" {Dex+5 SInv}
   (You found it on level 2 of the Lair of Beasts)

   [ring of see invisible]

   Dex:       It affects your dexterity (+5).
   SInv:      It lets you see invisible.
Wands
 b - a wand of mindburst (6)
 k - a wand of flame (21)
 s - a wand of iceblast (18)
 A - a wand of charming (7)
 X - a wand of polymorph (6)
Scrolls
 a - 5 scrolls of teleportation
 d - 2 scrolls of noise {unknown}
 f - a scroll of acquirement
 E - a scroll of fog
 J - a scroll of immolation
 M - 2 scrolls of blinking {unknown}
 Y - a scroll of silence
Potions
 c - 3 potions of attraction {unknown}
 h - a potion of haste
 m - a potion of might
 n - 3 potions of curing
 o - 2 potions of mutation
 q - a potion of heal wounds
 r - a potion of resistance
 F - a potion of lignification {unknown}
 T - a potion of berserk rage
 Z - 3 potions of cancellation {unknown}


   Skills:
 * Level 10.0 Fighting
 + Level 1.8 Maces & Flails
 + Level 2.5 Throwing
 + Level 5.7 Dodging
 + Level 4.7 Stealth
 + Level 15.0 Spellcasting


You had 12 spell levels left.
You knew the following spells:

 Your Spells              Type           Power      Damage    Failure   Level
a - Foxfire               Conj/Fire      100%       2x1d9     1%          1
b - Scorch                Fire           100%       2d10      1%          2
c - Conjure Flame         Conj/Fire      70%        6-21      1%          3
d - Inner Flame           Hex/Fire       70%        N/A       1%          3
e - Flame Wave            Conj/Fire      70%        2d13      1%          4
f - Sting                 Tmut/Pois      100%       1d8       1%          1
g - Corpse Rot            Necr/Air       100%       N/A       1%          2
h - Frozen Ramparts       Ice            100%       1d12      1%          3
i - Mephitic Cloud        Conj/Pois/Air  70%        N/A       1%          3
j - Fulminant Prism       Conj/Hex       35%        3d18      1%          4
k - Fireball              Conj/Fire      35%        3d15      4%          5
Your spell library was empty.

Dungeon Overview and Level Annotations

Branches:
Dungeon (11/15)            Temple (1/1) D:4            Lair (3/6) D:11
 Shoals (2/4) Lair:3        Snake (0/4) Lair:3
    Orc: D:9-12

Altars:
Ashenzari
Cheibriados
Dithmenos
Elyvilon
Fedhas
Gozag
Hepliaklqana
Kikubaaqudgha
Makhleb
Nemelex Xobeh
Okawaru
Qazlal
Ru
Sif Muna
Trog
Uskayaw
Vehumet
Wu Jian
Xom
Yredelemnul
Zin
The Shining One

Annotations:
D:9 3 runed translucent doors
Lair:2 1 runed translucent door, pdpol's ghost, journeyman GrEE
Shoals:1 Nikola


Innate Abilities, Weirdness & Mutations

You are immune to sickness and miasma.
You are immune to poison.
Your flesh is very heat resistant. (rF++)
You are vulnerable to cold. (rC-)
You float through the air rather than walking.
You learn spells naturally, not from books.
Your magical power is your life essence.
You have superior vitality. (+4 MHP)


Message History

A harpy comes into view.
Found a runed flail.
Found a potion of mutation.
o - 2 potions of mutation (gained 1)
You see here a +2 flail of protection.
Nikola the Mad Inventor comes into view.
He is wielding a +1 rapier of electrocution.
Nikola shouts!
A manticore comes into view.
Nikola mumbles, "Hm, I wonder if you're conductive."
Nikola casts a spell.
Lightning arcs from Nikola's hands!
The bolt of lightning hits the manticore!!!
The manticore dies!
A bolt of lightning appears from out of thin air!
The bolt of lightning hits Nikola.
You hear a shout!
You hear an angry hiss.
You hear a screech! x2
You hear an angry hiss.
You hear a screech!
You hear a shout!
Press: ? - help, v - describe, . - travel The floor.
Nikola casts a spell.
Lightning arcs from Nikola's hands!
The bolt of lightning hits you!!
You hear an angry hiss. x2; You hear a shout! x2
Found 20 stones.
Nikola casts a spell.
Nikola blinks!
Nikola mumbles some strange words.
Lightning arcs from Nikola's hands!
A bolt of lightning appears from out of your range of vision.
The bolt of lightning hits Nikola.
You hear a shout!
You hear an angry hiss. x2; You hear a shout!
Nikola gestures wildly while chanting.
Lightning arcs from Nikola's hands!
The bolt of lightning hits you!!
You hear an angry hiss.
You hear a screech!
As you read the scroll of teleportation, it crumbles to dust.
You feel strangely unstable. Nikola casts a spell at you.
The bolt of lightning hits you!!!
Ouch! That really hurt!
You die...
Your body crumbles into a pile of gold.

#################################
≈≈≈≈≈≈≈≈≈≈≈≈≈≈≈≈≈≈≈≈≈≈≈≈≈≈≈≈≈≈≈≈≈
≈≈≈≈≈≈≈≈≈≈≈≈≈≈≈≈≈≈≈≈≈≈≈≈≈≈≈≈≈≈≈≈≈
≈≈≈≈≈≈≈≈≈≈≈≈≈≈≈≈@≈≈≈≈≈≈≈≈≈≈≈≈≈≈≈≈
≈≈≈≈≈≈≈≈≈≈≈≈≈≈≈≈≈≈≈≈≈≈≈≈≈≈≈≈≈≈≈≈≈
≈≈≈≈≈≈≈≈≈≈≈≈≈≈≈≈≈≈≈≈≈≈≈≈≈≈≈≈≈≈≈≈≈
≈≈≈≈≈≈≈≈≈≈≈≈≈≈≈≈≈≈≈≈≈≈≈≈≈≈≈≈≈≈≈≈≈
≈≈≈≈≈≈≈≈≈≈≈≈≈≈≈≈≈≈≈≈≈≈≈≈≈≈≈≈≈≈≈≈≈
≈≈≈≈≈≈≈≈≈≈≈≈≈≈≈≈≈≈≈≈≈≈≈≈≈≈≈≈≈≈≈≈≈
≈≈≈≈≈≈≈≈≈≈≈≈≈≈≈≈≈≈≈≈≈≈≈≈≈≈≈≈≈≈
≈≈≈≈≈≈≈≈≈@≈≈≈≈≈≈≈≈≈≈≈≈≈≈≈≈≈≈≈≈
≈≈≈≈≈≈≈≈≈≈≈≈≈≈≈≈≈≈≈.....≈≈≈≈≈≈


You could see Nikola.

Vanquished Creatures
  A merfolk javelineer (Shoals:2)
  4 hydras
  Fannar (Lair:1)
  2 two-headed ogres (D:10)
  5 death yaks (Lair:3)
  Pikel (D:6)
  2 ugly things (D:10)
  4 cyclopes
  An ice statue (Lair:3)
  3 black mambas (Lair:3)
  5 cane toads
  A gargoyle (D:10)
  Maggie (D:10)
  2 rime drakes (Lair:3)
  A freezing wraith (Lair:3)
  2 komodo dragons
  An ice devil (Lair:3)
  A troll (D:10)
  Grinder (D:3)
  8 polar bears
  A hornet (D:8)
  A snapping turtle (Shoals:2)
  9 blink frogs
  Sigmund (D:4)
  3 wyverns
  Eustachio (D:6)
  3 water elementals (Shoals:2)
  18 yaks
  2 basilisks (Lair:3)
  A steam dragon (D:7)
  4 vampire mosquitoes
  Edmund (D:6)
  10 water moccasins
  An acid dragon (D:11)
  Duvessa (D:4)
  An ice beast (D:7)
  3 orc warriors
  2 black bears (D:5)
  An ogre (D:5)
  7 centaurs
  31 wolves
  2 lemures (D:6)
  2 phantoms
  2 kobold brigands
  2 gnoll sergeants
  Blork the orc (D:4)
  8 bullfrogs
  2 scorpions
  A water moccasin zombie (D:7)
  2 water moccasin skeletons
  Dowan (D:4)
  14 killer bees
  4 wights
  3 electric eels
  7 howler monkeys
  4 centaur zombies
  2 jellies (D:6)
  A bullfrog zombie (D:6)
  3 hounds
  A gnoll shaman (D:6)
  2 orc priests (D:7)
  A bullfrog skeleton (D:6)
  3 iguanas
  Natasha (thrice) (D:4)
  10 orc wizards
  A polar bear simulacrum (Lair:3)
  A troll simulacrum (Lair:3)
  A spriggan simulacrum (Lair:3)
  2 killer bee zombies
  A hound zombie (D:5)
  A howler monkey zombie (D:9)
  41 gnolls
  A howler monkey skeleton (D:5)
  11 adders
  A naga simulacrum (Lair:3)
  2 white imps
  An ufetubus (D:5)
  4 worms
  37 orcs
  7 endoplasms
  9 giant cockroaches
  6 goblins
  4 hobgoblins
  13 jackals
  5 quokkas
  6 ball pythons
  4 bats
  2 frilled lizards (D:1)
  10 kobolds
  3 rats
  2 butterflies (Lair:3)
  3 fulminant prisms
409 creatures vanquished.

Vanquished Creatures (collateral kills)
  2 foxfires
2 creatures vanquished.

Vanquished Creatures (others)
  A harpy (Shoals:1)
  A manticore (Shoals:1)
  639 foxfires
  41 fulminant prisms
  58 fungi
  77 plants
  A withered plant (D:1)
818 creatures vanquished.

Grand Total: 1229 creatures vanquished

Notes
Turn   | Place    | Note
-------+----------+-------------------------------------------
     0 | D:1      | unlimited1921 the Djinni Fire Elementalist began the quest
                  | for the Orb.
     0 | D:1      | Reached XP level 1. HP: 15/15 MP: 0/0
   452 | D:1      | Found a faded altar of an unknown god.
   579 | D:1      | Reached XP level 2. HP: 20/21 MP: 0/0
  2231 | D:1      | Reached skill level 3 in Spellcasting
  2231 | D:1      | Reached XP level 3. HP: 22/26 MP: 0/0
  2231 | D:1      | Learned a level 1 spell: Sting
  3692 | D:2      | Reached skill level 1 in Fighting
  4442 | D:2      | Reached XP level 4. HP: 26/32 MP: 0/0
  5076 | D:2      | Found a shimmering altar of Xom.
  6594 | D:3      | Reached XP level 5. HP: 29/37 MP: 0/0
  6594 | D:3      | Learned a level 2 spell: Corpse Rot
  7560 | D:3      | Noticed Grinder
  7569 | D:3      | Killed Grinder
  7570 | D:3      | Reached skill level 4 in Spellcasting
  7570 | D:3      | Reached XP level 6. HP: 34/43 MP: 0/0
  8393 | D:3      | Identified a scroll of acquirement
  8522 | D:4      | Noticed Natasha
  8525 | D:4      | Killed Natasha
  8526 | D:4      | Reached XP level 7. HP: 40/49 MP: 0/0
  8526 | D:4      | Learned a level 3 spell: Frozen Ramparts
  8614 | D:4      | Noticed Natasha
  8619 | D:4      | Killed Natasha
  8645 | D:4      | Noticed Blork the orc
  8653 | D:4      | Killed Blork the orc
  8654 | D:4      | Reached skill level 5 in Spellcasting
  8746 | D:4      | Noticed Natasha
  8762 | D:4      | Killed Natasha
  9136 | D:4      | Found a staircase to the Ecumenical Temple.
  9601 | D:4      | Noticed Sigmund
  9606 | D:4      | Killed Sigmund
  9607 | D:4      | Reached XP level 8. HP: 41/56 MP: 0/0
  9709 | D:4      | Noticed Duvessa
  9714 | D:4      | Noticed Dowan
  9717 | D:4      | Killed Duvessa
  9721 | D:4      | Killed Dowan
 10120 | Temple   | Entered the Ecumenical Temple
 10221 | Temple   | Became a worshipper of Gozag Ym Sagoz the Greedy
 10585 | D:5      | Entered Level 5 of the Dungeon
 10590 | D:5      | Reached skill level 6 in Spellcasting
 11592 | D:5      | Reached skill level 7 in Spellcasting
 11592 | D:5      | Reached XP level 9. HP: 32/62 MP: 0/0
 11592 | D:5      | Learned a level 3 spell: Mephitic Cloud
 14320 | D:5      | Reached skill level 8 in Spellcasting
 15489 | D:6      | Reached skill level 5 in Fighting
 15892 | D:6      | Identified the +4 pair of gloves "Tenec" {rF+}
 15930 | D:6      | Noticed Pikel
 15935 | D:6      | Killed Pikel
 15936 | D:6      | Reached skill level 1 in Throwing
 15936 | D:6      | Reached XP level 10. HP: 60/70 MP: 0/0
 16558 | D:6      | Noticed Eustachio
 16562 | D:6      | Reached skill level 9 in Spellcasting
 16568 | D:6      | Killed Eustachio
 17089 | D:6      | Noticed Edmund
 17097 | D:6      | Killed Edmund
 19535 | D:7      | Reached skill level 10 in Spellcasting
 20570 | D:8      | Found an ornate altar of the Wu Jian Council.
 20641 | D:8      | Reached XP level 11. HP: 61/78 MP: 0/0
 20641 | D:8      | Learned a level 4 spell: Fulminant Prism
 21204 | D:9      | Found a runed translucent gate.
 21212 | D:9      | Found a runed translucent gate.
 21212 | D:9      | Found a runed translucent gate.
 21213 | D:9      | Noticed a storm dragon
 21214 | D:9      | Noticed a quicksilver ooze
 21214 | D:9      | a storm dragon changed into a quicksilver ooze
 21214 | D:9      | Noticed a green ugly thing
 21215 | D:9      | Noticed a green ugly thing
 21216 | D:9      | Noticed a green ugly thing
 21217 | D:9      | Noticed a green ugly thing
 21221 | D:9      | Noticed a cyan ugly thing
 22330 | D:10     | Entered Level 10 of the Dungeon
 22332 | D:10     | Noticed a two-headed ogre
 22334 | D:10     | Noticed Maggie
 22337 | D:10     | Killed a two-headed ogre
 22338 | D:10     | Reached skill level 11 in Spellcasting
 22350 | D:10     | Killed Maggie
 23055 | D:10     | Found a broken altar of Ashenzari.
 23105 | D:10     | Noticed a white ugly thing
 23121 | D:10     | Killed a white ugly thing
 23486 | D:10     | Noticed a red ugly thing
 23503 | D:10     | Killed a red ugly thing
 23801 | D:10     | Noticed a two-headed ogre
 23805 | D:10     | Killed a two-headed ogre
 24108 | D:10     | Noticed a cyclops
 24119 | D:10     | Killed a cyclops
 24426 | D:10     | Noticed a cyclops
 24444 | D:10     | Killed a cyclops
 24704 | D:10     | Found a hazy altar of Hepliaklqana.
 25611 | D:11     | Reached skill level 12 in Spellcasting
 25785 | D:11     | Found a staircase to the Lair.
 25817 | D:11     | Reached XP level 12. HP: 76/86 MP: 0/0
 25889 | D:11     | Noticed a seven-headed hydra
 25901 | D:11     | Killed a seven-headed hydra
 27169 | Lair:1   | Entered Level 1 of the Lair of Beasts
 27193 | Lair:1   | Noticed a six-headed hydra
 27200 | Lair:1   | Killed a six-headed hydra
 28159 | Lair:1   | Reached skill level 13 in Spellcasting
 29310 | Lair:1   | Reached skill level 5 in Dodging
 29570 | Lair:1   | Noticed a five-headed hydra
 29577 | Lair:1   | Killed a five-headed hydra
 30233 | Lair:1   | Noticed Fannar
 30241 | Lair:1   | Killed Fannar
 30242 | Lair:1   | Reached skill level 1 in Maces & Flails
 30242 | Lair:1   | Reached XP level 13. HP: 70/94 MP: 0/0
 30242 | Lair:1   | Learned a level 5 spell: Fireball
 31223 | Lair:2   | Found a runed translucent door.
 31223 | Lair:2   | Noticed pdpol's ghost (journeyman GrEE)
 32024 | Lair:2   | Identified the ring "Ohoafaw" {Dex+5 SInv}
 32041 | Lair:2   | Reached skill level 14 in Spellcasting
 34133 | Lair:3   | Found a dark tunnel.
 34164 | Lair:3   | Found a staircase to the Snake Pit.
 35589 | Lair:3   | Noticed a six-headed hydra
 35866 | Lair:3   | Killed a six-headed hydra
 36240 | Lair:3   | Found a staircase to the Shoals.
 36607 | Lair:3   | Reached XP level 14. HP: 80/102 MP: 0/0
 37371 | Shoals:1 | Entered Level 1 of the Shoals
 37371 | Shoals:1 | You are sucked into a shaft and drop 1 floor!
 37377 | Shoals:2 | Reached skill level 15 in Spellcasting
 37382 | Shoals:2 | Reached skill level 10 in Fighting
 37383 | Shoals:2 | Noticed a kraken
 37685 | Shoals:1 | Noticed Nikola
 37704 | Shoals:1 | Killed from afar by Nikola

Illustrated notes

Levels and vault maps discovered:
D:1:      dpeg_arrival_shelter, layout_basic, ebering_ecumenical_altar_petrified
D:2:      layout_loops_cross, basic_altar
D:3:      layout_basic, st_stairs_13, uniq_grinder
D:4:      layout_loops_cross, minmay_temple_entry_large_hall,
          gup_sewer_entry_glass, uniq_sigmund, uniq_blork_the_orc, uniq_duvessa,
          uniq_natasha
D:5:      lemuel_castle_with_subvaults [lemuel_castle_interior_original],
          layout_basic, kennysheep_doodads, chequers_serial_rivers_room_b
D:6:      layout_basic, uniq_eustachio, uniq_edmund, uniq_pikel
D:7:      layout_basic, grunt_ministairs_13
D:8:      layout_rooms, nicolae_wu_jian_wuxing_cycle, dk_noncrumbling_2
D:9:      layout_cave_pools, ploomutoo_gammafunk_ghost_potion_laboratory
D:10:     nzn_winding_woodlands_three_and_one
          [nzn_winding_woodlands_5x15_longhouse,
          nzn_winding_woodlands_5x15_default,
          nzn_winding_woodlands_5x15_river_crossing,
          nzn_winding_woodlands_center_lodge], layout_loops_ring,
          kennysheep_mini, mainiacjoe_overflow_cross_hatched,
          minmay_misc_feat_cross, uniq_maggie
D:11:     layout_loops_ring, lair_entry_dummy,
          nicolae_kikubaaqudgha_miasma_corner
Temple:   mainiacjoe_temple_bowtie_tessellation
Lair:1:   layout_roguey, grunt_forest_stairs_basic,
          grunt_forest_large_clearings, grunt_megastairs_1, uniq_fannar
Lair:2:   layout_roguey, hellmonk_ghost_happy_afterlife, serial_bayou_shore_a,
          serial_bayou_shore_b
Lair:3:   dreamdust_isle_of_ice, layout_gridlike, elwin_shoals_entry_rocks,
          minmay_snake_entry_six_corridors, nicolae_volcano_entry_lava_flow,
          infiniplex_staircase_pool, lemuel_fruit_fields
Shoals:1: cheibrodos_shoals_epimethial_gifts, layout_shoals, serial_shops,
          nicolae_shop_statue_plus, nicolae_shoals_nymph_descending_staircase,
          uniq_nikola
Shoals:2: layout_shoals, serial_shops, nicolae_diamond_shop

Skill      XL: |  1  2  3  4  5  6  7  8  9 10 11 12 13 14 |
---------------+-------------------------------------------+-----
Spellcasting   | 3 4 5 7 8 10 12 13 14 15 | 15.0
Fighting       | 1 2 3 4 5 6 7 8 9 10 | 10.0
Stealth        | 2 3 4 |  4.7
Dodging        | 3 4 5 |  5.7
Throwing       | 1 2 |  2.5
Maces & Flails | 1 |  1.8

Action                   |  1- 3 |  4- 6 |  7- 9 | 10-12 | 13-15 || total
-------------------------+-------+-------+-------+-------+-------++-------
Melee: Short sword       |     1 |     4 |       |       |       ||     5
       Punch             |     1 |       |       |     1 |     4 ||     6
       Flail             |       |       |    19 |    63 |    94 ||   176
       Hand axe          |       |       |     2 |       |       ||     2
Throw: Boomerang         |       |       |    21 |    17 |    10 ||    48
 Cast: Foxfire           |    67 |    87 |   117 |    95 |    31 ||   397
       Inner Flame       |       |     6 |    84 |   110 |    69 ||   269
       Scorch            |       |     5 |    42 |   147 |    47 ||   241
       Conjure Flame     |       |     1 |     1 |     3 |     2 ||     7
       Frozen Ramparts   |       |       |     7 |     1 |       ||     8
       Mephitic Cloud    |       |       |     5 |     2 |       ||     7
       Fulminant Prism   |       |       |       |    35 |    10 ||    45
       Fireball          |       |       |       |       |    41 ||    41
       Flame Wave        |       |       |       |       |     3 ||     3
       Sting             |       |       |       |       |     1 ||     1
Evoke: Wand              |       |       |     1 |       |       ||     1
  Use: Scroll            |       |     4 |     2 |     7 |     9 ||    22
       Potion            |       |       |       |     1 |     5 ||     6
Armor: Robe              |       |     4 |     7 |    15 |       ||    26
       Steam dragon scal |       |       |       |    64 |    11 ||    75
       Ice dragon scales |       |       |       |       |     3 ||     3
Dodge: Dodged            |     6 |    10 |    22 |   206 |    45 ||   289
Block: Other             |       |       |       |       |     2 ||     2
